 Dungeon Crawl Stone Soup version 0.27-a0-686-gaed091b46b (webtiles) character file.

Game seed: 2853176062269446605

9305 ReteAZ the Fighter (level 11, -4/90 HPs)
             Began as a Demonspawn Ice Elementalist on Mar 21, 2021.
             Was a Follower of Ru.
             Slain by a two-headed ogre
             ... wielding a +1 dire flail of holy wrath
              (9 damage)
             ... on level 2 of the Orcish Mines.
             The game lasted 00:19:52 (13946 turns).

ReteAZ the Fighter (Demonspawn Ice Elementalist)   Turns: 13946, Time: 00:19:54

Health: -4/90      AC: 15    Str:  6 (8)  XL:     11   Next: 21%
Magic:  9/18       EV: 15    Int: 16 (18) God:    Ru [*.....]
Gold:   621        SH:  5    Dex: 12 (14) Spells: 13/20 levels left

rFire    + + +     SeeInvis +   q - +9 morningstar of Ceint {flame, *Drain rElec rF+++ Str-2}
rCold    . . .     Faith    .   Q - +0 buckler
rNeg     . . .     Spirit   .   w - +0 ring mail
rPois    .         Reflect  .   o - +0 mask of the Dragon {Will+ Slay+3 SInv}
rElec    +         Harm     .   (no cloak)
rCorr    .         Rampage  .   (no gloves)
Will     ++...                  m - +0 pair of boots
Stlth    ..........             T - amulet of regeneration
HPRegen  1.25/turn              l - ring of willpower
MPRegen  0.16/turn              n - +4 ring of evasion

@: ice-armoured, sanguine armoured, frozen ramparts
A: hooves 2, demonic guardian 2, spiny 2, no stealth, no hexes magic, no
necromancy magic, no poison magic, sanguine armour 1
a: Renounce Religion


You were on level 2 of the Orcish Mines.
You worshipped Ru.
Ru was aware of your devotion.
You visited 3 branches of the dungeon, and saw 14 of its levels.
You also visited: Ossuary.

You collected 766 gold pieces.
You spent 145 gold pieces at shops.

Inventory:

Hand Weapons
 b - a +0 halberd
 h - a +2 short sword of electrocution
 q - the +9 morningstar of Ceint (weapon) {flame, *Drain rElec rF+++ Str-2}
   (You found it on level 4 of the Dungeon)

   It has been specially enchanted to burn those struck by it, causing extra
   injury to most foes and up to half again as much damage against particularly
   susceptible opponents.
   It affects your strength (-2).
   It renders you almost immune to fire.
   It insulates you from electricity.
   It causes draining when unequipped.
 s - a +1 falchion of electrocution
Armour
 a - a +0 robe
 i - a +1 helmet
 m - a +0 pair of boots (worn)
 o - the +0 mask of the Dragon (worn) {Will+ Slay+3 SInv}
   (You found it on level 4 of the Dungeon)

   It affects your accuracy and damage with ranged weapons and melee attacks
   (+3).
   It affects your willpower, your defense against some magical effects.
   It lets you see invisible.
 t - a +0 leather armour
 w - a +0 ring mail (worn)
 Q - a +0 buckler (worn)
Magical Staves
 p - a staff of death
Jewellery
 l - a ring of willpower (right hand)
 n - a +4 ring of evasion (left hand)
 r - a ring of protection from fire
 J - a ring of flight
 P - a ring of positive energy
 S - a ring of see invisible
 T - an amulet of regeneration (around neck)
Wands
 A - a wand of mindburst (17)
 K - a wand of digging (7)
 R - a wand of flame (23)
Scrolls
 c - 16 scrolls of identify {unknown}
 g - 3 scrolls of noise {unknown}
 k - 4 scrolls of enchant armour {unknown}
 u - 6 scrolls of teleportation {unknown}
 y - a scroll of enchant weapon {unknown}
 D - 3 scrolls of magic mapping {unknown}
 L - a scroll of vulnerability {unknown}
 M - a scroll of blinking {unknown}
 N - 2 scrolls of amnesia {unknown}
 O - 2 scrolls of silence {unknown}
Potions
 d - 4 potions of heal wounds {unknown}
 e - 6 potions of curing
 f - 3 potions of lignification {unknown}
 j - a potion of ambrosia {unknown}
 v - 3 potions of flight {unknown}
 x - a potion of might {unknown}
 z - 3 potions of brilliance {unknown}
 B - 3 potions of degeneration
 C - a potion of magic {unknown}
 E - a potion of resistance {unknown}
 F - 2 potions of haste {unknown}
 G - a potion of attraction {unknown}
 H - a potion of invisibility {unknown}
 I - 2 potions of cancellation {unknown}


   Skills:
 - Level 10.0 Fighting
 + Level 5.2 Maces & Flails
 - Level 8.0 Dodging
 - Level 4.0 Shields
 - Level 5.0 Spellcasting
 - Level 8.0 Ice Magic


You had 13 spell levels left.
You knew the following spells:

 Your Spells              Type           Power      Damage    Failure   Level
a - Freeze                Ice            100%       1d11      2%          1
b - Frozen Ramparts       Ice            58%        1d7       7%          3
c - Ozocubu's Armour      Ice            29%        N/A       7%          3

Your spell library contained the following spells:

 Spells                   Type           Power      Damage    Failure   Level
 Hailstorm                Conj/Ice       16%        3d6       75%         4
 Summon Ice Beast         Ice/Summ       16%        N/A       75%         4
 Chain Lightning          Conj/Air       2%         N/A       100%        8
 Lehudib's Crystal Spear  Conj/Erth      2%         10d2      100%        8
 Absolute Zero            Ice            14%        ∞         100%        9
 Fire Storm               Conj/Fire      2%         8d1       100%        9
 Sting                    Tmut/Pois      Unusable   1d3       N/A         1
 Poisonous Vapours        Pois/Air       Unusable   N/A       N/A         2
 Ignite Poison            Fire/Tmut/Pois Unusable   N/A       N/A         3
 Mephitic Cloud           Conj/Pois/Air  Unusable   N/A       N/A         3
 Olgreb's Toxic Radiance  Pois           Unusable   N/A       N/A         4

Dungeon Overview and Level Annotations

Branches:
Dungeon (11/15)            Temple (1/1) D:6             Orc (2/2) D:10
    Elf (0/3) Orc:2       Ossuary (visited)
   Lair: D:8-11

Altars:
Ashenzari
Cheibriados
Dithmenos
Elyvilon
Fedhas
Gozag
Hepliaklqana
Kikubaaqudgha
Makhleb
Nemelex Xobeh
Okawaru
Qazlal
Ru
Sif Muna
Trog
Uskayaw
Vehumet
Wu Jian
Xom
Yredelemnul
Zin
The Shining One

Shops:
D:6 (   D:8 !   Orc:1 ***


Innate Abilities, Weirdness & Mutations

You have hoof-like feet.
A demonic guardian rushes to your aid.
You are mostly covered in sharp spines.
You cannot be stealthy.
You cannot study or cast Hexes magic.
You cannot study or cast Necromancy magic.
You cannot study or cast Poison magic.
When seriously injured, your bleeding wounds create armour. (AC +6)


Message History

* * * LOW HITPOINT WARNING * * *
The ogre mage begins to cast a spell, but is stunned by your conviction!
The two-headed ogre hits your sixfirhy with a +1 dire flail of holy wrath!
Your sixfirhy convulses.
The two-headed ogre hits your sixfirhy with a +0 giant club!!
You redirect the ogre mage's attack!
The two-headed ogre misses your sixfirhy.
The two-headed ogre hits your sixfirhy with a +0 giant club!!
Your sixfirhy dies!
Things that are here:
a +0 short sword; an orc skeleton You feel better.
The ogre is struck by your spines. The ogre misses you.
It was a potion of degeneration.
There was something very wrong with that liquid.
You feel weakened.
You feel dopey.
You feel clumsy.
Casting: Ozocubu's Armour (dangerous; 7% risk of failure)
Confirm with . or Enter, or press ? or * to list all spells.
A film of ice covers your body!
Casting: Ozocubu's Armour (dangerous; 7% risk of failure)
Confirm with . or Enter, or press ? or * to list all spells.
Casting: Frozen Ramparts (dangerous; 7% risk of failure)
Press: ? - help, Dir - look around, f - activate The walls around you are covered in ice.
The wall freezes the two-headed ogre.
The two-headed ogre is struck by your spines.
The two-headed ogre hits you with a +1 dire flail of holy wrath!
* * * LOW HITPOINT WARNING * * *
You convulse!
* * * LOW HITPOINT WARNING * * *
The two-headed ogre barely misses you.
The wall freezes the ogre mage.
The ogre mage points at the two-headed ogre and mumbles some strange words.
The two-headed ogre seems to speed up.
You feel better.
The wall freezes the two-headed ogre.
The two-headed ogre is struck by your spines.
The two-headed ogre hits you with a +1 dire flail of holy wrath!
* * * LOW HITPOINT WARNING * * *
A demonic guardian appears!
You convulse.
* * * LOW HITPOINT WARNING * * *
The two-headed ogre hits you with a +0 giant club!
You die...

#.# #### ....###..##
..........##
.....$............##
...................#
..................###
..................#.##
...............4.....#
...............#@[..##
$.......................#.....#


You could see a two-headed ogre (fast), an ogre mage (invisible), an ogre (ally
target) and a friendly hellwing (summoned, wandering).

Vanquished Creatures
  A death knight (D:10)
  A two-headed ogre (Orc:2)
  An orc knight (Orc:1)
  An ugly thing (D:11)
  A centaur skeleton (D:10)
  A hornet (D:10)
  Prince Ribbit (D:9)
  2 wraiths (D:10)
  2 wyverns
  2 wargs (Orc:1)
  5 orc warriors
  2 black bears
  2 ice beasts
  6 wolves (Orc:1)
  A centaur (D:10)
  5 ogres
  5 phantoms
  A kobold brigand (D:10)
  6 bullfrogs
  A gnoll sergeant (D:10)
  A scorpion (D:4)
  A water moccasin skeleton (D:6)
  6 killer bees (D:8)
  10 hounds
  3 jellies
  A centaur zombie (Ossuary)
  8 orc priests
  An iguana (D:4)
  11 orc wizards
  9 worker ants
  4 ogre zombies (Ossuary)
  2 hound skeletons
  7 mummies (Ossuary)
  A worker ant zombie (D:6)
  A howler monkey zombie (D:8)
  Robin (D:3)
  3 gnolls (D:10)
  13 adders
  2 shadow imps
  2 white imps
  4 ufetubi
  An ooze (D:3)
  2 adder zombies (Ossuary)
  6 adder skeletons
  A worm (D:3)
  2 dart slugs
  5 leopard geckos
  35 orcs
  7 bats
  4 giant cockroaches
  14 goblins
  9 hobgoblins
  3 quokkas
  5 frilled lizards
  4 goblin zombies (Ossuary)
  6 hobgoblin zombies (Ossuary)
  7 kobolds
  4 kobold zombies (Ossuary)
  A leopard gecko zombie (D:3)
  6 quokka zombies (Ossuary)
  5 rats
  3 rat zombies (Ossuary)
268 creatures vanquished.

Vanquished Creatures (collateral kills)
  A two-headed ogre (D:8)
  An orc sorcerer (Orc:1)
  A warg (Orc:1)
  An orc warrior (Orc:2)
  3 orcs
  A bat (D:1)
  A giant cockroach (D:1)
  A goblin (D:2)
10 creatures vanquished.

Vanquished Creatures (others)
  37 plants (D:11)
37 creatures vanquished.

Grand Total: 315 creatures vanquished

Notes
Turn   | Place    | Note
-------+----------+-------------------------------------------
     0 | D:1      | ReteAZ the Demonspawn Ice Elementalist began the quest for
                  | the Orb.
     0 | D:1      | Reached XP level 1. HP: 13/13 MP: 3/3
   550 | D:1      | Gained mutation: A weak demonic guardian rushes to your
                  | aid. [demonic ancestry]
   550 | D:1      | Reached XP level 2. HP: 16/19 MP: 5/5
  1319 | D:2      | Gained mutation: You are partially covered in sharp spines.
                  | [demonic ancestry]
  1319 | D:2      | Reached XP level 3. HP: 24/24 MP: 2/6
  2118 | D:3      | Noticed Robin
  2173 | D:3      | Reached XP level 4. HP: 27/30 MP: 4/8
  2230 | D:3      | Killed Robin
  2553 | D:3      | Reached skill level 5 in Ice Magic
  2821 | D:3      | Found a basalt altar of Yredelemnul.
  3034 | D:3      | Found a stormy altar of Qazlal.
  3236 | D:4      | Gained mutation: You have large cloven feet. [demonic
                  | ancestry]
  3236 | D:4      | Reached XP level 5. HP: 35/35 MP: 6/9
  3267 | D:4      | Found the +0 mask of the Dragon {Will+ Slay+3 SInv}
  3431 | D:4      | Learned a level 3 spell: Frozen Ramparts
  3722 | D:4      | Identified the +9 morningstar of Ceint {flame, *Drain rElec
                  | rF+++ Str-2}
  4125 | D:4      | Gained mutation: A demonic guardian rushes to your aid.
                  | [demonic ancestry]
  4125 | D:4      | Reached XP level 6. HP: 41/41 MP: 7/11
  4369 | D:5      | Entered Level 5 of the Dungeon
  4399 | D:5      | Noticed an ice beast
  4523 | D:5      | Killed an ice beast
  4777 | D:5      | Gained mutation: You have hoof-like feet. [demonic
                  | ancestry]
  4777 | D:5      | Reached XP level 7. HP: 46/46 MP: 13/13
  4991 | D:5      | Found an iron altar of Okawaru.
  5224 | D:5      | Learned a level 3 spell: Ozocubu's Armour
  5354 | D:5      | Reached skill level 1 in Fighting
  5618 | D:5      | Found a radiant altar of Vehumet.
  6000 | D:6      | Found a sand-covered staircase.
  6047 | Ossuary  | Entered an ossuary
  6223 | Ossuary  | Reached skill level 5 in Spellcasting
  6586 | Ossuary  | Reached skill level 2 in Fighting
  6586 | Ossuary  | Reached XP level 8. HP: 56/56 MP: 15/15
  6981 | D:6      | Found Cuen's Antique Weapon Emporium.
  7572 | D:6      | Reached skill level 3 in Fighting
  7721 | D:6      | Found a staircase to the Ecumenical Temple.
  7733 | Temple   | Entered the Ecumenical Temple
  7871 | D:7      | Found a shimmering altar of Xom.
  8459 | D:7      | Reached skill level 4 in Fighting
  8862 | D:7      | Reached skill level 5 in Dodging
  8996 | D:8      | Reached XP level 9. HP: 61/67 MP: 9/16
  8997 | D:8      | Reached skill level 5 in Fighting
  9042 | D:8      | Found a shadowy altar of Dithmenos.
  9052 | D:8      | Noticed a two-headed ogre
  9062 | D:8      | Killed a two-headed ogre
  9063 | D:8      | Reached skill level 6 in Fighting
  9099 | D:8      | Found a sacrificial altar of Ru.
  9107 | D:8      | Became a worshipper of Ru the Awakened
  9461 | D:8      | Found an opulent altar of Gozag.
  9462 | D:8      | Found a bloodstained altar of Trog.
  9484 | D:8      | Found a snail-covered altar of Cheibriados.
  9569 | D:8      | Reached skill level 7 in Fighting
  9732 | D:8      | Found Ythru's Distillery.
 10231 | D:9      | Found a broken altar of Ashenzari.
 10310 | D:9      | Gained mutation: You cannot study or cast Poison magic. [Ru
                  | sacrifice]
 10310 | D:9      | Gained mutation: You cannot study or cast Hexes magic. [Ru
                  | sacrifice]
 10310 | D:9      | Gained mutation: You cannot study or cast Necromancy magic.
                  | [Ru sacrifice]
 10310 | D:9      | Reached * piety under Ru
 10828 | D:9      | Noticed Prince Ribbit
 10833 | D:9      | Killed Prince Ribbit
 10834 | D:9      | Gained mutation: When seriously injured, your bleeding
                  | wounds create armour. (AC +6) [demonic ancestry]
 10834 | D:9      | Reached XP level 10. HP: 49/80 MP: 17/17
 11099 | D:10     | Entered Level 10 of the Dungeon
 11249 | D:10     | Found a staircase to the Orcish Mines.
 11395 | D:10     | Reached skill level 8 in Fighting
 11564 | D:10     | Found a shimmering altar of Xom.
 11569 | D:10     | Found a shimmering altar of Xom.
 11569 | D:10     | Found a shimmering altar of Xom.
 11570 | D:10     | Found a shimmering altar of Xom.
 11571 | D:10     | Found a shimmering altar of Xom.
 11723 | D:10     | Noticed a death knight
 11770 | D:10     | Killed a death knight
 12198 | D:10     | Reached skill level 9 in Fighting
 12396 | D:10     | Paralysed by a hornet for 3 turns
 12725 | D:11     | Noticed a torpor snail
 12731 | D:11     | Found a snail-covered altar of Cheibriados.
 12732 | D:11     | Noticed a torpor snail
 12735 | D:11     | Noticed a red ugly thing
 12736 | D:11     | Noticed a torpor snail
 12750 | D:11     | Killed a red ugly thing
 12842 | D:11     | Noticed a skeletal warrior
 12969 | D:11     | Noticed a skeletal warrior
 12969 | D:11     | Identified the +10 dagger "Impbane" {vorpal, +Rage Dex+3}
 12969 | D:11     | Noticed a skeletal warrior
 12969 | D:11     | Noticed a skeletal warrior
 12973 | D:11     | Noticed a skeletal warrior
 13163 | Orc:1    | Entered Level 1 of the Orcish Mines
 13182 | Orc:1    | Found Ogiek's Assorted Antiques.
 13193 | Orc:1    | Noticed an orc sorcerer
 13202 | Orc:1    | Reached skill level 10 in Fighting
 13203 | Orc:1    | Reached skill level 1 in Maces & Flails
 13204 | Orc:1    | Killed an orc sorcerer
 13387 | Orc:1    | Noticed an orc knight
 13400 | Orc:1    | Killed an orc knight
 13401 | Orc:1    | Gained mutation: You are mostly covered in sharp spines.
                  | [demonic ancestry]
 13401 | Orc:1    | Reached XP level 11. HP: 60/90 MP: 7/18
 13407 | Orc:1    | Gained mutation: You cannot be stealthy. [Ru sacrifice]
 13521 | Orc:1    | Found Vulun's General Store.
 13553 | Orc:1    | Found Efroi's Assorted Antiques.
 13572 | Orc:1    | Bought a small amethyst amulet for 145 gold pieces
 13618 | Orc:2    | Entered Level 2 of the Orcish Mines
 13717 | Orc:2    | Found a staircase to the Elven Halls.
 13843 | Orc:2    | Noticed a two-headed ogre
 13844 | Orc:2    | Noticed a two-headed ogre
 13858 | Orc:2    | Noticed an ogre mage
 13931 | Orc:2    | Killed a two-headed ogre
 13932 | Orc:2    | Reached skill level 5 in Maces & Flails
 13946 | Orc:2    | Slain by a two-headed ogre

Illustrated notes

Levels and vault maps discovered:
D:1:      dpeg_arrival_prison, layout_basic, minmay_surrounded
D:2:      layout_basic
D:3:      layout_loops_ring, nicolae_overflow_hidden_temple,
          nicolae_qazlal_eye_of_the_storm, uniq_robin
D:4:      minmay_general_purpose_star, layout_loops_ring
D:5:      layout_loops_corners, kennysheep_mini, lemuel_round_altar,
          minmay_crystal_water
D:6:      layout_loops_ring, minmay_temple_entry_fiery,
          nicolae_ossuary_entry_false_entrances, serial_shops,
          nicolae_shop_statue_plus
D:7:      layout_basic, old_standard_altar
D:8:      layout_loops_ring, hangedman_ru_absence, grunt_dithmenos_smoke,
          gammafunk_temple_overflow_forgotten, serial_shops, shop
D:9:      layout_gridville, tso_altar, evilmike_ruin_ashenzari,
          uniq_prince_ribbit1
D:10:     lemuel_ice_spiral_2, layout_basic, orc_0_dummy, xom_redecorated
D:11:     layout_cave_pools, david_lair_shrubbed, cheibriados_altar_2
Temple:   eino_wide_crystal_templ
Orc:1:    layout_diamond_mine, serial_shops, shop, nicolae_shop_crystal,
          nicolae_shop_behind_doors, shop, nicolae_shop_waterfront,
          statue_in_the_mist_lemuel, mines5_lemuel, uniq_josephine
Orc:2:    st_orc_mages, layout_caves, hangedman_feature_mirror, mines1_david

Skill      XL: |  1  2  3  4  5  6  7  8  9 10 11 |
---------------+----------------------------------+-----
Ice Magic      | 4 5 6 7 8 |  8.0
Spellcasting   | 3 4 5 |  5.0
Fighting       | 2 4 7 10 | 10.0
Dodging        | 2 5 7 8 |  8.0
Shields        | 4 |  4.0
Maces & Flails | 3 5 |  5.2
Stealth        | 0 |  0.0

Action                   |  1- 3 |  4- 6 |  7- 9 | 10-12 || total
-------------------------+-------+-------+-------+-------++-------
Melee: Halberd           |    57 |     8 |       |       ||    65
       Unarmed           |     8 |       |       |       ||     8
       Short sword       |       |    19 |       |       ||    19
       Morningstar       |       |    15 |   205 |    71 ||   291
 Cast: Freeze            |    27 |    41 |       |     7 ||    75
       Frozen Ramparts   |       |     4 |     9 |    15 ||    28
       Ozocubu's Armour  |       |       |     8 |    12 ||    20
Invok: Sacrifice Arcana  |       |       |     1 |       ||     1
       Sacrifice Stealth |       |       |       |     1 ||     1
Evoke: Wand              |       |       |       |     5 ||     5
  Use: Potion            |       |       |       |     4 ||     4
 Stab: Sleeping          |     4 |     1 |     4 |       ||     9
Armor: Robe              |    16 |     6 |       |       ||    22
       Leather armour    |       |     3 |     3 |       ||     6
       Ring mail         |       |       |    31 |    13 ||    44
Dodge: Dodged            |    62 |    35 |   144 |    75 ||   316
Block: Buckler           |       |       |       |    16 ||    16

Table legend: (Time is in decaauts)
 A = Elapsed time spent in this place.
 B = Non-inter-level travel time spent in this place.
 C = Inter-level travel time spent in this place.
 D = Time resting spent in this place.
 E = Time spent auto-exploring this place.
 F = Levels seen in this place.
 G = Mean time per level.
                   A        B        C        D        E       F      G
               +--------+--------+--------+--------+--------+-----+--------+
         Total |  14129 |  13500 |    629 |   1283 |  10334 |  15 |  941.9 |
       Dungeon |  12343 |  11780 |    563 |    823 |   9546 |  11 | 1122.1 |
        Temple |     77 |     55 |     22 |      0 |     54 |   1 |   77.0 |
  Orcish Mines |    796 |    753 |     43 |    149 |    360 |   2 |  398.0 |
       Ossuary |    912 |    912 |      0 |    311 |    373 |   1 |  912.0 |
               +--------+--------+--------+--------+--------+-----+--------+

Top non-repeatable levels by time:
    D:10: 1854 daAuts
     D:5: 1607 daAuts
     D:1: 1303 daAuts
     D:4: 1173 daAuts
     D:9: 1143 daAuts
     D:7: 1118 daAuts
     D:8: 1019 daAuts
     D:3: 974 daAuts
     D:6: 957 daAuts
     D:2: 956 daAuts
 Ossuary: 912 daAuts
   Orc:1: 568 daAuts
    D:11: 233 daAuts
   Orc:2: 228 daAuts
  Temple: 77 daAuts
